Map: Tours du crépuscule

Players

Ashalka

  • Race: Zerg Zerg
  • League: Platinum

Worming - Winner!

  • Race: Zerg Zerg
  • League: Platinum

VOD

Have the link to the VOD?

Description

Time

  • Played on: Nov. 11, 2015, 8:55 a.m.
  • Length: 9:14
Show
View Real Time Build Order
Export as new Build Order

Ashalka Zerg 

Build Orders: Hatch First 

Get SALT Encoding   

  12  0:01  Drone  
  13  0:13  Overlord  
  13  0:17  Drone  
  14  0:32  Drone x2  
  14  0:35  Drone  
  17  0:55  Drone, Hatchery  
  17  1:09  Spawning Pool  
  16  1:13  Drone  
  16  1:14  Extractor  
  16  1:16  Drone  
  17  1:20  Drone  
  18  1:29  Drone  
  19  1:39  Overlord  
  19  1:51  Drone  
  20  1:56  Queen  
  22  2:02  Zergling x2  
  22  2:07  Drone  
  22  2:08  Queen  
  26  2:12  Drone  
  27  2:15  Metabolic Boost  
  27  2:18  Drone  
  28  2:28  Drone  
  29  2:31  Drone  
  30  2:38  Drone  
  30  2:40  Baneling Nest  
  30  2:41  Drone  
  30  2:42  Spine Crawler  
  30  2:46  Queen  
  30  2:49  Drone  
  33  2:51  Zergling x2  
  34  3:04  Overlord  
  34  3:05  Zergling x4  
  35  3:17  Evolution Chamber  
  34  3:30  Drone x7  
  41  3:39  Drone  
  42  3:43  Hatchery  
  42  3:46  Drone x2  
  43  3:50  Overlord  
  43  4:07  Overlord  
  43  4:09  Zerg Ground Armor Level 1  
  43  4:11  Extractor  
  43  4:12  Drone x3  
  43  4:14  Drone x5  
  50  4:18  Zergling x2  
  50  4:21  Baneling x2  
  51  4:27  Overlord  
  51  4:28  Zergling x2  
  52  4:35  Roach Warren, Extractor  
  52  4:36  Drone, Extractor  
  50  4:50  Lair  
  50  4:52  Drone x2  
  52  4:53  Evolution Chamber  
  52  4:54  Drone x6  
  57  5:00  Drone x2  
  57  5:03  Queen  
  61  5:12  Zergling x6  
  64  5:16  Baneling x2  
  64  5:32  Zerg Missile Weapons Level 1  
  64  5:38  Drone x10  
  64  5:39  Overlord x2  
  70  6:03  Zergling x18  
  76  6:11  Zerg Ground Armor Level 2  
  73  6:12  Roach  
  73  6:13  Roach  
  77  6:19  Zergling x14  
  77  6:20  Queen  
  81  6:31  Roach  
  81  6:32  Roach x2  
  80  6:39  Roach x2  
  71  6:40  Roach  
  71  6:43  Drone x3  
  61  6:48  Zergling x2  
  61  6:49  Zergling x4  
  61  6:52  Roach x3  
  63  7:03  Zergling x4  
  63  7:11  Roach  
  65  7:16  Zergling x2  
  62  7:27  Queen  
  64  7:31  Zergling x12  
  70  7:39  Hatchery  
  69  7:44  Zergling x2  
  69  7:45  Zergling x6  
  69  7:47  Roach Warren  
  72  7:54  Hatchery  
  64  8:10  Zergling x12  
  65  8:31  Roach x4  
  68  8:43  Roach x8  
  80  8:55  Overlord x2  
Show
View Real Time Build Order
Export as new Build Order

Worming Zerg - Winner!

Build Orders: Hatch First 

Get SALT Encoding   

  12  0:01  Drone  
  13  0:09  Drone  
  14  0:18  Overlord  
  14  0:29  Drone x2, Extractor x2  
  16  0:37  Drone  
  17  0:45  Drone  
  18  1:05  Extractor  
  18  1:07  Drone  
  18  1:08  Drone  
  18  1:10  Hatchery  
  18  1:20  Drone  
  18  1:21  Spawning Pool  
  18  1:30  Drone  
  19  1:43  Overlord  
  19  1:50  Drone  
  20  2:07  Queen  
  22  2:08  Zergling x2  
  22  2:10  Metabolic Boost  
  22  2:14  Zergling x2  
  24  2:21  Queen  
  26  2:23  Drone, Overlord  
  27  2:35  Drone x2  
  29  2:47  Queen  
  31  3:01  Drone x2  
  31  3:05  Overlord  
  33  3:18  Overlord  
  33  3:21  Drone x2  
  34  3:28  Evolution Chamber  
  34  3:29  Evolution Chamber, Extractor  
  34  3:30  Drone x3  
  33  3:38  Zergling x6  
  37  3:53  Overlord  
  37  3:54  Overlord  
  37  3:56  Zerg Melee Weapons Level 1  
  37  3:57  Zerg Ground Armor Level 1  
  37  4:02  Zergling x4  
  39  4:15  Drone x7  
  46  4:23  Drone x4  
  50  4:39  Hatchery  
  50  4:43  Overlord  
  50  4:44  Zergling x6  
  52  4:52  Lair  
  52  4:53  Extractor  
  52  4:55  Drone x3  
  52  4:59  Extractor  
  53  5:00  Extractor  
  53  5:05  Drone x2  
  54  5:11  Drone  
  54  5:12  Drone  
  54  5:13  Drone  
  56  5:29  Zergling x2  
  56  5:30  Zergling x8  
  61  5:39  Zergling x2  
  61  5:40  Zergling x12  
  68  5:55  Zergling x2  
  68  5:56  Zergling x6  
  69  6:08  Zergling x6  
  69  6:09  Zergling x6  
  73  6:12  Queen  
  73  6:13  Queen  
  73  6:14  Zerg Melee Weapons Level 2, Zerg Ground Armor Level 2  
  73  6:16  Hatchery  
  71  6:33  Zergling x2  
  71  6:34  Zergling x12  
  71  6:37  Spire  
  71  6:38  Drone x2  
  74  6:56  Zergling x8  
  74  6:58  Drone x4  
  75  7:21  Zergling x2  
  75  7:22  Zergling x18  
  67  7:49  Mutalisk x9  
  84  8:12  Mutalisk  
  82  8:13  Mutalisk x2  
  82  8:17  Overlord x4  
  82  8:18  Extractor  
  82  8:19  Extractor  
  85  8:30  Mutalisk  
  84  8:53  Zergling x22  
  84  8:54  Zergling x20  
Tags
 
Add a new tag
Caveats
  • Supply blocks, unpowered buildings, or Contaminate may cause inaccurate times.
  • Supply counts are checked every 10 seconds.